 Dungeon Crawl Stone Soup version 0.27.1-35-g4d5d836560 (webtiles) character file.

Game seed: 16959282497576805024

1697 Delamore the Covert (level 9, -2/54 HPs)
             Began as an Octopode Brigand on Apr 18, 2022.
             Was an Initiate of Gozag.
             Slain by a vampire mosquito (9 damage)
             ... on level 7 of the Dungeon.
             The game lasted 00:05:37 (6630 turns).

Delamore the Covert (Octopode Brigand)              Turns: 6630, Time: 00:05:38

Health: -2/54      AC:  1    Str: 10    XL:     9   Next: 3%
Magic:  9/9        EV: 13    Int: 13    God:    Gozag
Gold:   303        SH:  0    Dex: 17    Spells: 8/8 levels left

rFire    . . .     SeeInvis .   h - +1 dagger (drain)
rCold    . . .     Faith    .   (no shield)
rNeg     + . .     Spirit   .   (helmet restricted)
rPois    +         Reflect  .   u - amulet of the acrobat
rElec    .         Harm     .   i - ring of poison resistance
rCorr    .         Rampage  .   t - +4 ring of slaying
Will     .....                  A - ring of positive energy
Stlth    ++++++....             (no ring)
HPRegen  0.18/turn              (no ring)
MPRegen  0.11/turn              (no ring)
                                (no ring)
                                (no ring)

@: hasted, very quick
A: almost no armour, amphibious, 8 rings, camouflage 1, gelatinous body 1,
(nimble swimmer 1), tentacles
a: Renounce Religion, Potion Petition, Call Merchant, Bribe Branch


You were on level 7 of the Dungeon.
You worshipped Gozag.
Gozag was aware of your devotion.
You visited 2 branches of the dungeon, and saw 8 of its levels.

You collected 405 gold pieces.
You paid 102 gold pieces to Gozag.

Inventory:

Hand Weapons
 a - a +2 dagger
 h - a +1 dagger of draining (weapon)
 j - a +0 dagger of flaming
Missiles
 b - 14 poisoned darts
 d - a curare-tipped dart (quivered)
Jewellery
 i - a ring of poison resistance (left tentacle)
 t - a +4 ring of slaying (right tentacle)
 u - an amulet of the acrobat (around mantle)
 A - a ring of positive energy (on tentacle)
Wands
 c - a wand of digging (2)
Scrolls
 g - 2 scrolls of enchant armour
 l - 2 scrolls of magic mapping
 o - a scroll of noise
 s - a scroll of vulnerability
 w - a scroll of torment
 x - a scroll of amnesia {unknown}
 y - a scroll of blinking {unknown}
 z - a scroll of holy word {unknown}
Potions
 e - a potion of attraction {unknown}
 f - a potion of haste
 k - 2 potions of mutation {unknown}
 m - 2 potions of brilliance {unknown}
 p - 2 potions of cancellation {unknown}
 q - a potion of lignification {unknown}
 r - a potion of curing {unknown}
 v - a potion of might {unknown}
 B - a potion of heal wounds {unknown}


   Skills:
 - Level 2.0 Fighting
 * Level 9.7 Short Blades
 - Level 2.0 Throwing
 - Level 1.0 Dodging
 - Level 10.0 Stealth


You had 8 spell levels left.
You didn't know any spells.
Your spell library contained the following spells:

 Spells                   Type           Power      Damage    Failure   Level
 Animate Skeleton         Necr           0%         N/A       30%         1
 Corona                   Hex            0%         N/A       30%         1
 Magic Dart               Conj           0%         1d3       30%         1
 Pain                     Necr           0%         1d4       30%         1
 Call Imp                 Summ           0%         N/A       43%         2
 Corpse Rot               Necr/Air       N/A        N/A       43%         2
 Ensorcelled Hibernation  Hex/Ice        0%         N/A       43%         2
 Sublimation of Blood     Necr           0%         N/A       43%         2
 Mephitic Cloud           Conj/Pois/Air  0%         N/A       67%         3
 Tukima's Dance           Hex            0%         N/A       67%         3
 Vampiric Draining        Necr           0%         2d6       67%         3
 Animate Dead             Necr           0%         N/A       97%         4
 Dispel Undead            Necr           0%         3d6       97%         4
 Petrify                  Tmut/Erth      0%         N/A       97%         4
 Blade Hands              Tmut           0%         N/A       100%        5
 Borgnjor's Vile Clutch   Necr/Erth      0%         N/A       100%        5
 Irradiate                Conj/Tmut      0%         3d14      100%        5
 Death Channel            Necr           0%         N/A       100%        6
 Iron Shot                Conj/Erth      0%         9d1       100%        6
 Animate Armour           Summ/Erth      Unusable   N/A       N/A         4

Dungeon Overview and Level Annotations

Branches:
Dungeon (7/15)             Temple (1/1) D:6

Altars:
Ashenzari
Cheibriados
Dithmenos
Gozag
Kikubaaqudgha
Makhleb
Nemelex Xobeh
Ru
Uskayaw
Vehumet
Wu Jian
Xom
Zin

Shops:
D:6 *

Annotations:
D:7 Maggie


Innate Abilities, Weirdness & Mutations

You cannot wear most types of armour.
You are amphibious.
You can wear up to eight rings at the same time.
Your skin changes colour to match your surroundings (Stealth+).
Your rubbery body absorbs attacks. (AC +1, EV +1)
((You are camouflaged near water. (Stealth+)))
You have tentacles for arms and can constrict up to eight enemies at once.


Message History

Found 11 gold pieces.
As you read the scroll of teleportation, it crumbles to dust.
You feel strangely unstable. The ufetubus closely misses you.
The ufetubus barely misses you. The ufetubus hits you. x2
The orc hits you with a +0 dagger.
The orc warrior hits you from afar with a +0 trident!
* * * LOW HITPOINT WARNING * * *
The orc completely misses you.
Found a stone staircase leading down.
Your surroundings suddenly seem different.
A vampire mosquito, a sky beast, a wight and a zombie come into view.
Found a war axe.
The bullfrog zombie moves out of view.
The sky beast flickers out of sight!
You feel yourself speed up.
A sky beast appears from thin air!
Reactivating autopickup.
A bullfrog comes into view.
The sky beast flickers out of sight!
Deactivating autopickup; reactivate with Ctrl-A.
Found 18 gold pieces.
Found 27 stones.
As you read the scroll of magic mapping, it crumbles to dust.
You feel aware of your surroundings.
A vampire mosquito comes into view.
Found a stone staircase leading up.
A vampire mosquito comes into view.
A vampire mosquito comes into view.
Found a leather armour.
The vampire mosquito completely misses you.
Maggie the Vainglorious comes into view.
She is wielding a +0 morningstar.
A sky beast appears from thin air!
Reactivating autopickup.
The vampire mosquito closely misses you.
The vampire mosquito misses you.
The vampire mosquito completely misses you.
The vampire mosquito buzzes angrily.
There is a stone staircase leading up here.
The vampire mosquito buzzes angrily.
Maggie shouts!
You hear a shout!
The vampire mosquito bites you!
You die...
Your body crumbles into a pile of gold.

*,,,*** *,,,,,*** *,,.,,,,* ###
### **,..,,** ##.####.# *,...,*
#....$#.### **.@..**###
###.(.......# *****
*,..[.##.###..........#*
**,,,****,,,,#...y...........##
*,,,,,,,*,,,,##.@y....Y.ยง.....##
*,,,,,,,,.......y......F.......##
**,,,,,,,.##..#........##........
*,,,,,,,*,,##,#..#.....##.....#..
,,,,,$,,,,,,,....)##..........#..
,,,,,,,,,,,,....y................
,,,,,,,,,,,......................
,,,,,$,,,,,........,#............
,,,,,,,,,,,,,,,,,...#............


You could see Maggie, 4 vampire mosquitoes, a sky beast and a bullfrog.

Vanquished Creatures
  Sigmund (D:2)
  Edmund (D:5)
  An ice beast (D:6)
  2 ogres
  2 necrophages
  A kobold brigand (D:6)
  A bullfrog (D:6)
  2 scorpions (D:5)
  A water moccasin zombie (D:5)
  4 wights (D:6)
  A howler monkey (D:5)
  A bullfrog zombie (D:6)
  2 hounds
  2 jellies (D:6)
  A centaur skeleton (D:6)
  4 iguanas
  A hound skeleton (D:5)
  Robin (D:4)
  3 gnolls (D:4)
  4 adders
  A howler monkey skeleton (D:4)
  A shadow imp (D:5)
  3 worms (D:2)
  7 dart slugs
  6 orcs
  2 endoplasms
  7 giant cockroaches
  18 goblins
  10 hobgoblins
  2 jackals (D:2)
  A quokka (D:3)
  3 ball pythons
  2 bats (D:2)
  5 frilled lizards
  6 kobolds
  4 rats
114 creatures vanquished.

Notes
Turn   | Place    | Note
-------+----------+-------------------------------------------
     0 | D:1      | Delamore the Octopode Brigand began the quest for the Orb.
     0 | D:1      | Reached XP level 1. HP: 14/14 MP: 1/1
   441 | D:1      | Found a faded altar of an unknown god.
   481 | D:1      | Reached XP level 2. HP: 19/19 MP: 2/2
   916 | D:1      | Reached XP level 3. HP: 24/24 MP: 3/3
  1366 | D:2      | You fall into a shaft and drop 1 floor!
  1513 | D:3      | Found an ornate altar of the Wu Jian Council.
  1861 | D:2      | Reached skill level 6 in Stealth
  2034 | D:2      | Noticed Sigmund
  2040 | D:2      | Killed Sigmund
  2041 | D:2      | Reached XP level 4. HP: 21/29 MP: 4/4
  2041 | D:2      | Reached XP level 5. HP: 25/34 MP: 5/5
  2221 | D:2      | Reached skill level 7 in Stealth
  2516 | D:2      | Reached skill level 5 in Short Blades
  2657 | D:3      | Reached XP level 6. HP: 39/39 MP: 6/6
  3166 | D:4      | Found a sparkling altar of Nemelex Xobeh.
  3209 | D:4      | Found a shadowy altar of Dithmenos.
  3398 | D:4      | Noticed Robin
  4150 | D:4      | Killed Robin
  4476 | D:4      | Reached XP level 7. HP: 45/45 MP: 7/7
  4564 | D:5      | Entered Level 5 of the Dungeon
  4586 | D:5      | Reached skill level 8 in Stealth
  4734 | D:5      | You fall into a shaft and drop 1 floor!
  5016 | D:5      | Noticed Edmund
  5034 | D:5      | Killed Edmund
  5205 | D:5      | Reached skill level 9 in Stealth
  5205 | D:5      | Reached XP level 8. HP: 50/50 MP: 8/8
  6044 | D:6      | Found a staircase to the Ecumenical Temple.
  6102 | Temple   | Entered the Ecumenical Temple
  6113 | Temple   | Became a worshipper of Gozag Ym Sagoz the Greedy
  6171 | D:6      | Reached skill level 10 in Stealth
  6248 | D:6      | Found Ygorug's Gadget Gallery.
  6467 | D:6      | Found a burning altar of Makhleb.
  6472 | D:6      | Found a hide-covered altar of Uskayaw.
  6472 | D:6      | Found a sacrificial altar of Ru.
  6543 | D:6      | Found a shimmering altar of Xom.
  6546 | D:6      | Reached XP level 9. HP: 54/54 MP: 9/9
  6628 | D:7      | Noticed Maggie
  6630 | D:7      | Slain by a vampire mosquito

Illustrated notes

Levels and vault maps discovered:
D:1:      minmay_arrival_shattered_statue, layout_loops_corners,
          shapermc_ecumenical_altar_petra, amcnicky_mini_pool_small
D:2:      minmay_alternating_diamond, layout_loops_corners,
          chequers_serial_rivers_large_a, uniq_sigmund
D:3:      layout_basic, nzn_wu_jian_contemplation, minmay_misc_feat_diagonals,
          amethyst_killhole
D:4:      layout_basic, minitemple, uniq_robin
D:5:      layout_cave_pools, uniq_edmund
D:6:      layout_basic, kennysheep_little_box,
          chequers_temple_overflow_statue_of_worship, temple_hall,
          nicolae_shop_gadgets
D:7:      layout_cave_pools, uniq_maggie, uniq_prince_ribbit1,
          uniq_crazy_yiuf_cottage
Temple:   eino_temple_water

Skill      XL: |  1  2  3  4  5  6  7  8 |
---------------+-------------------------+-----
Short Blades   | 3 4 5 6 7 9 |  9.7
Stealth        | 6 7 9 10 | 10.0
Fighting       | |  2.0
Throwing       | |  2.0
Dodging        | |  1.0

Action                   |  1- 3 |  4- 6 |  7- 9 || total
-------------------------+-------+-------+-------++-------
Melee: Dagger            |    57 |    85 |    95 ||   237
       Constrict         |    13 |    20 |    16 ||    49
       Tentacles         |     6 |    13 |    24 ||    43
Throw: Dart              |     2 |    14 |    23 ||    39
  Use: Scroll            |     2 |     3 |     3 ||     8
       Potion            |       |     1 |     1 ||     2
 Stab: Sleeping          |    18 |    12 |     6 ||    36
       Distracted        |       |       |     1 ||     1
Armor: Skin              |       |     6 |     1 ||     7
Dodge: Dodged            |    21 |    42 |    39 ||   102
